 Dungeon Crawl Stone Soup version 0.14-a0-759-g26e2352 (webtiles) character file.

11225 Psiweapon the Grappler (level 11, -4/106 HPs)
             Began as a Troll Monk on Nov 8, 2013.
             Slain by an eight-headed hydra (7 damage)
             ... on Level 11 of the Dungeon.
             The game lasted 00:51:55 (9869 turns).

Psiweapon the Grappler (Troll Monk)                 Turns: 9869, Time: 00:51:57

HP  -4/106       AC  5     Str 24      XL: 11   Next: 37%
MP   3/3         EV 14     Int  6      God:
Gold 716         SH  0     Dex 14      Spells:  0 memorised, 10 levels left

Res.Fire  : + . .   See Invis. : .   U - +1,+4 giant spiked club
Res.Cold  : . . .   Warding    : .   a - +0 robe (curse)
Life Prot.: . . .   Conserve   : .   (shield restricted)
Res.Poison: +       Res.Corr.  : .   (helmet restricted)
Res.Elec. : .       Clarity    : .   (no cloak)
Sust.Abil.: . .     Spirit.Shd : .   (gloves unavailable)
Res.Mut.  : .       Stasis     : .   (boots unavailable)
Res.Rott. : .       Flight     : .   (no amulet)
Gourmand  : +                        c - ring of protection from fire
                                     h - cursed ring of poison resistance

@: somewhat resistant to hostile enchantments, unstealthy
A: unfitting armour, claws 3, fast metabolism 3, gourmand, regeneration 2,
saprovore 2, tough skin 2, AC +1, Dex +2
a: no special abilities


You were on level 11 of the Dungeon.
You were full.

You visited 2 branches of the dungeon, and saw 12 of its levels.
You also visited: Ossuary.

You collected 716 gold pieces.

Inventory:

Hand weapons
 U - a +1,+4 giant spiked club (weapon)
 V - a +1,+2 flail of draining
Missiles
 d - 4 large rocks (quivered)
 p - 21 poisoned needles
 t - 3 tomahawks
 w - 6 needles of slowing
Armour
 a - a cursed +0 robe (worn)
Magical devices
 F - a wand of paralysis (0)
 W - a wand of fire (0)
Comestibles
 b - 9 meat rations
 f - 3 pears
 g - 4 apples
 o - 2 chunks of orc flesh
 r - 3 chokos
 v - a lemon
 x - 2 rotting chunks of giant frog flesh
 z - 3 bread rations
 G - 16 cheeses
 Q - a beef jerky
Scrolls
 i - 9 scrolls of remove curse
 j - 3 scrolls of teleportation
 m - a scroll of magic mapping
 K - 2 scrolls of fog
 X - a scroll of blinking
 Z - a scroll of enchant armour
Jewellery
 c - a ring of protection from fire (right claw)
 h - a cursed ring of poison resistance (left claw)
 k - a cursed ring of see invisible {unknown}
 u - an uncursed ring of poison resistance
 y - an uncursed ring of positive energy
 A - an uncursed ring of sustain abilities
 T - an uncursed ring of protection from fire
Potions
 e - 3 potions of might
 l - 2 potions of flight
 n - a potion of porridge {unknown}
 q - 6 potions of curing
 s - 2 potions of magic
 C - 2 potions of speed {unknown}
 D - 5 potions of heal wounds {unknown}
 E - 2 potions of restore abilities {unknown}
 H - a potion of confusion {unknown}
 L - a potion of cure mutation {unknown}
 M - 2 potions of resistance {unknown}
 P - a potion of beneficial mutation {unknown}
Books
 I - a book of Wizardry

   Spells                             Type                      Level
   Summon Elemental                   Summoning                    4
   Agony                              Necromancy                   5
   Force Lance                        Conjuration                  5
   Fireball                           Conjuration/Fire             5
   Haste                              Charms                       6
   Invisibility                       Hexes                        6
 R - a Young Poisoner's Handbook

   Spells                             Type                      Level
   Sting                              Conjuration/Poison           1
   Cure Poison                        Poison                       2
   Mephitic Cloud                     Conjuration/Poison/Air       3
   Olgreb's Toxic Radiance            Poison                       4
   Venom Bolt                         Conjuration/Poison           5
 Y - a book of Necromancy

   Spells                             Type                      Level
   Pain                               Necromancy                   1
   Animate Skeleton                   Necromancy                   1
   Lethal Infusion                    Charms/Necromancy            2
   Vampiric Draining                  Necromancy                   3
   Regeneration                       Charms/Necromancy            3
   Animate Dead                       Necromancy                   4
   Control Undead                     Necromancy                   4
Magical staves
 J - an uncursed staff of power {unknown}
Miscellaneous
 N - a sack of spiders


   Skills:
 + Level 8.6 Fighting
 + Level 4.4 Maces & Flails
 - Level 4.8 Throwing
 + Level 8.6 Dodging
 - Level 1.1 Stealth
 - Level 10.0 Unarmed Combat


You had 10 spell levels left.
You didn't know any spells.

Dungeon Overview and Level Annotations

Branches:
Dungeon (11/27)            Temple (1/1) D:5             Orc (0/4) D:9
   Lair: D:8-13

Altars:
Ashenzari
Cheibriados
Elyvilon
Fedhas
Kikubaaqudgha
Makhleb
Nemelex Xobeh
Okawaru
Sif Muna
Trog
Vehumet
Xom
Yredelemnul
Zin
the Shining One

Shops:
D:5 /   D:11 [

Portals:
Bailey: D:8

Annotations:
D:9 1 exclusion


Innate Abilities, Weirdness & Mutations

You are too large for most types of armour.
You have claws for hands.
Your metabolism is lightning-fast.
You like to eat raw meat.
You heal very quickly.
You can eat rotten meat.
You are covered in fur (AC +1).
You have very tough skin (AC +2).
You are agile. (Dex +2)


Message History

The eight-headed hydra bites you! The eight-headed hydra misses you.
The eight-headed hydra bites you but does no damage.
The eight-headed hydra bites you!
The eight-headed hydra closely misses you.
The eight-headed hydra bites you. The eight-headed hydra bites you!
* * * LOW HITPOINT WARNING * * *
The eight-headed hydra bites you.
* * * LOW HITPOINT WARNING * * *
The eight-headed hydra bites you.
* * * LOW HITPOINT WARNING * * *
The eight-headed hydra bites you.
* * * LOW HITPOINT WARNING * * *
The eight-headed hydra bites you!
* * * LOW HITPOINT WARNING * * *
The eight-headed hydra bites you.
* * * LOW HITPOINT WARNING * * *
The eight-headed hydra bites you!
You die...

#........# #######'## #...# #.###
###### ######'## #......
##.......# ##+### #.......
.#.......# #....### #.......
.'.......# ###....'.# #(......
##.......#####.[@D).#(####(......
#.......##.^..#....#...##..?....
#.....).'.(#####)#####..#....../
#.......#### #.# ##.'.......
#####'### #.# ###....... ####.#
#(## ######## #....# #..#
###'#### ##.# #..>...##### ###.##


You could see an eight-headed hydra.

Vanquished Creatures
  2 hill giants
  Pikel (D:5)
  Joseph (D:9)
  A cyclops (D:11)
  Maurice (D:8)
  A feature mimic (D:10)
  A fire drake (D:8)
  2 two-headed ogres
  3 shadows (D:11)
  A wyvern (D:8)
  Eustachio (D:6)
  A hippogriff (D:10)
  A yak (D:10)
  A hill giant skeleton (D:9)
  2 hungry ghosts
  An elf zombie (Ossuary)
  2 manticores
  5 orc warriors
  A black bear (D:8)
  A yellow wasp (D:10)
  6 ogres
  3 sky beasts
  2 ice beasts
  3 centaurs
  A phantom (D:8)
  2 crocodiles
  5 giant frogs
  The ghost of 4tharraofdagon the Firebug, an average NaFE (D:3)
  2 wyvern zombies
  6 killer bees
  A hippogriff zombie (D:11)
  10 crimson imps
  2 centaur zombies
  A giant frog zombie (D:9)
  4 goliath beetles
  A jelly (D:5)
  6 orc priests
  4 hounds
  A human zombie (Ossuary)
  A two-headed ogre zombie (D:11)
  2 scorpions
  An orange rat (D:9)
  10 orc wizards
  6 iguanas
  A killer bee zombie (D:5)
  4 worker ants
  2 ogre zombies
  2 big kobold zombies
  An ogre skeleton (D:8)
  2 sheep (D:11)
  2 mummies (Ossuary)
  3 green rats (D:9)
  A worker ant zombie (D:11)
  12 gnolls
  7 adders
  A giant centipede (D:11)
  An inept feature mimic (D:8)
  2 giant mites
  5 worms
  4 adder zombies (Ossuary)
  4 grey rats (D:9)
  An adder skeleton (D:9)
  3 giant eyeballs
  8 giant geckos
  2 oozes
  44 orcs
  2 ball pythons (D:2)
  2 bat skeletons
  11 goblins
  19 hobgoblins
  10 jackals
  3 quokkas
  19 bats
  3 giant cockroaches
  10 giant newts
  A giant spore (D:10)
  A gnoll skeleton (D:6)
  A goblin zombie (Ossuary)
  A hobgoblin skeleton (D:4)
  14 hobgoblin zombies (Ossuary)
  18 kobolds
  11 kobold zombies (Ossuary)
  3 orc zombies
  A quokka zombie (D:5)
  26 rats
  A ballistomycete (D:10)
380 creatures vanquished.

Vanquished Creatures (others)
  A hydra (D:11)
  A sky beast (D:5)
  A centaur (D:5)
  A giant frog skeleton (D:10)
  2 spiders (D:11)
  An orc priest (D:5)
  A worker ant (D:5)
  A sky beast zombie (D:5)
  An adder (D:5)
  A giant gecko (D:5)
  6 orcs
  A giant cockroach (D:5)
  A bat (D:5)
  2 rats (D:5)
21 creatures vanquished.

Grand Total: 401 creatures vanquished

Notes
Turn   | Place    | Note
--------------------------------------------------------------
     0 | D:1      | Psiweapon, the Troll Monk, began the quest for the Orb.
     0 | D:1      | Reached XP level 1. HP: 20/20 MP: 0/0
    94 | D:1      | Reached XP level 2. HP: 23/28 MP: 0/0
   367 | D:1      | Reached XP level 3. HP: 36/36 MP: 1/1
  1172 | D:3      | Reached XP level 4. HP: 44/44 MP: 1/1
  1390 | D:3      | Found a shimmering altar of Xom.
  1627 | D:3      | Noticed 4tharraofdagon's ghost (average NaFE)
  1707 | D:3      | Reached skill level 5 in Unarmed Combat
  1716 | D:3      | Reached XP level 5. HP: 50/52 MP: 1/1
  1892 | D:4      | Found a shattered altar of Ashenzari.
  1976 | D:4      | Paralysed by a giant eyeball for 4 turns
  1982 | D:4      | Paralysed by a giant eyeball for 4 turns
  2090 | D:4      | Reached XP level 6. HP: 31/59 MP: 2/2
  2107 | D:4      | Paralysed by a giant eyeball for 4 turns
  2194 | D:4      | Found a sand-covered staircase.
  2204 | Ossuary  | Entered an ossuary
  2395 | Ossuary  | Reached skill level 6 in Unarmed Combat
  2414 | Ossuary  | Reached XP level 7. HP: 41/67 MP: 2/2
  2954 | D:4      | Noticed an ogre
  2966 | D:4      | Killed an ogre
  3049 | D:5      | Entered Level 5 of the Dungeon
  3049 | D:5      | Noticed Pikel
  3280 | D:3      | Found a basalt altar of Yredelemnul.
  3398 | D:3      | Killed 4tharraofdagon's ghost
  3720 | D:5      | Reached skill level 7 in Unarmed Combat
  3788 | D:5      | Reached XP level 8. HP: 76/76 MP: 2/2
  3836 | D:5      | Reached skill level 5 in Dodging
  3852 | D:5      | Killed Pikel
  3852 | D:5      | Reached skill level 5 in Fighting
  4155 | D:5      | Found Upsameq's Magical Wand Shoppe.
  4243 | D:5      | Reached skill level 8 in Unarmed Combat
  4550 | D:5      | Found a staircase to the Ecumenical Temple.
  4565 | Temple   | Entered the Ecumenical Temple
  4706 | D:4      | Found a burning altar of Makhleb.
  4847 | D:6      | Noticed Eustachio
  4859 | D:6      | Killed Eustachio
  4859 | D:6      | Reached XP level 9. HP: 85/85 MP: 3/3
  4904 | D:6      | You fall through a shaft!
  4914 | D:6      | Reached skill level 1 in Throwing
  4957 | D:6      | Noticed a hill giant
  4967 | D:6      | Killed a hill giant
  5759 | D:8      | Found a staircase to the Lair.
  5759 | D:8      | Noticed a fire drake
  5766 | D:8      | the staircase to the Lair was a mimic.
  5773 | D:8      | Killed a fire drake
  5773 | D:8      | Reached skill level 9 in Unarmed Combat
  5986 | D:8      | Reached XP level 10. HP: 76/96 MP: 3/3
  6033 | D:8      | Noticed Maurice
  6047 | D:8      | Killed Maurice
  6425 | D:8      | Found a flagged portal.
  6773 | D:9      | Gained mutation: Your body is slowly deteriorating. [potion of mutation]
  6773 | D:9      | Gained mutation: You are agile. (Dex +2) [potion of mutation]
  6773 | D:9      | Lost mutation: Your body is slowly deteriorating. [potion of mutation]
  7039 | D:9      | Found a staircase to the Orcish Mines.
  7141 | D:9      | Noticed Joseph
  7153 | D:9      | Killed Joseph
  7153 | D:9      | Reached skill level 1 in Maces & Flails
  7652 | D:9      | Reached skill level 10 in Unarmed Combat
  7697 | D:9      | Noticed a moth of wrath
  7699 | D:9      | Found a bloodstained altar of Trog.
  8076 | D:10     | Entered Level 10 of the Dungeon
  8092 | D:10     | Noticed a hill giant
  8098 | D:10     | Killed a hill giant
  8212 | D:10     | Reached XP level 11. HP: 63/106 MP: 3/3
  9669 | D:11     | Found Chooxior's Antique Armour Emporium.
  9736 | D:11     | Paralysed by a giant eyeball for 3 turns
  9777 | D:11     | Noticed a six-headed hydra
  9797 | D:11     | Killed a six-headed hydra
  9852 | D:11     | Noticed an eight-headed hydra
  9869 | D:11     | HP: 3/106 [eight-headed hydra (3)]
  9869 | D:11     | Slain by an eight-headed hydra

Action                   |  1- 3 |  4- 6 |  7- 9 | 10-12 || total
-------------------------+-------+-------+-------+-------++-------
Melee: Unarmed           |   102 |   240 |   344 |   216 ||   902
       Giant spiked club |       |       |       |    99 ||    99
Throw: Tomahawk          |       |       |    17 |    45 ||    62
       Javelin           |       |       |     3 |    51 ||    54
       Large rock        |       |       |       |     6 ||     6
Evoke: Wand              |       |       |     7 |     6 ||    13
       Miscellaneous     |       |       |       |     1 ||     1
  Use: Scroll            |       |       |    20 |    14 ||    34
       Potion            |       |       |       |     2 ||     2
 Stab: Sleeping          |     2 |     2 |     1 |     1 ||     6
       Paralysed         |       |       |    12 |     8 ||    20
       Confused          |       |       |       |     1 ||     1
